Map: Emerald City LE

Players

qqq

  • Race: Zerg Zerg

Massa

  • Race: Terran Terran
  • League: Platinum

Tarascan - Winner!

  • Race: Protoss Protoss
  • League: Diamond

nhutton - Winner!

  • Race: Zerg Zerg
  • League: Diamond

VOD

Have the link to the VOD?

Description

Time

  • Played on: April 22, 2021, 2:54 p.m.
  • Length: 17:44
Show
View Real Time Build Order
Export as new Build Order

qqq Zerg 

Build Orders: Hatch First 

Get SALT Encoding   

  12  0:03  Drone  
  13  0:10  Drone  
  14  0:20  Overlord  
  14  0:47  Hatchery  
  13  0:50  Drone  
  13  0:53  Drone  
  15  1:12  Spawning Pool  
  15  1:13  Extractor  
  13  1:22  Drone x2  
  15  1:42  Drone  
  15  1:43  Drone  
  17  1:59  Drone x2  
  19  2:06  Queen  
  21  2:13  Zergling x2  
  22  2:18  Zergling x2  
  23  2:26  Metabolic Boost  
  23  2:30  Zergling x2  
  23  2:34  Zergling x2  
  25  2:53  Zergling x6  
  28  2:59  Overlord  
  28  3:13  Overlord x2  
  28  3:23  Queen  
  30  3:27  Zergling x2  
  30  3:28  Zergling x2  
  30  3:32  Zergling x2  
  33  3:40  Drone x2  
  34  3:41  Drone  
  34  3:45  Drone  
  36  3:49  Drone  
  36  3:51  Drone  
  38  4:08  Zergling x10  
  42  4:14  Zergling x4  
  40  4:20  Zergling x4  
  41  4:29  Zergling x4  
  42  4:37  Zergling x2  
  43  4:38  Evolution Chamber  
  43  4:41  Zergling x2  
  43  4:49  Zergling x2  
  44  4:55  Hatchery  
  39  5:15  Drone x3  
  39  5:16  Drone x6  
  39  5:20  Zerg Melee Weapons Level 1  
  48  5:34  Roach Warren  
  47  5:39  Drone x2, Extractor  
  47  5:40  Drone x3  
  51  5:43  Drone  
  51  5:49  Lair  
  52  6:04  Extractor  
  52  6:05  Extractor  
  52  6:09  Drone  
  52  6:10  Drone x6, Overlord  
  55  6:26  Zergling x8  
  58  6:34  Drone  
  58  6:35  Drone x7  
  66  6:57  Overlord  
  66  7:12  Hydralisk Den, Overlord x2  
  66  7:13  Overlord x2  
  66  7:14  Queen x3  
  71  7:26  Spore Crawler  
  71  7:27  Spore Crawler  
  71  7:29  Spore Crawler  
  68  7:30  Overlord  
  68  7:31  Zerg Missile Weapons Level 1  
  60  7:48  Zergling x2  
  60  7:49  Hydralisk x4, Roach x4  
  76  7:59  Roach x2  
  76  8:00  Roach x2  
  81  8:09  Roach  
  81  8:10  Roach x2  
  86  8:13  Hydralisk x2  
  86  8:18  Glial Reconstitution  
  90  8:21  Muscular Augments  
  90  8:27  Spore Crawler  
  90  8:28  Drone  
  90  8:29  Drone x2  
  90  8:32  Hydralisk  
  94  8:35  Drone x2  
  96  8:44  Spore Crawler  
  90  8:56  Hydralisk x2, Roach x2  
  90  9:05  Hydralisk, Roach  
  90  9:06  Hydralisk x2, Roach  
  90  9:08  Zergling x2  
  91  9:15  Hydralisk  
  91  9:16  Hydralisk  
  91  9:23  Hydralisk  
  85  9:29  Infestation Pit  
  84  9:36  Hydralisk x2  
  84  9:37  Drone x2  
  90  9:49  Overlord x4  
  75  10:00  Zergling x4  
  75  10:01  Roach  
  79  10:13  Spine Crawler  
  78  10:15  Spine Crawler  
  77  10:24  Overlord x5  
  77  10:26  Overlord x2  
  77  10:32  Infestor x2  
  77  10:35  Hive  
  81  10:38  Extractor  
  81  10:39  Drone x2  
  81  10:42  Drone x2  
  64  10:57  Roach x6  
  64  11:00  Infestor  
  66  11:13  Hydralisk x5  
  66  11:14  Drone x3  
  73  11:27  Hydralisk  
  73  11:28  Hydralisk  
  73  11:29  Roach x2  
  81  11:34  Spine Crawler  
  81  11:35  Drone  
  77  11:49  Hydralisk x3  
  81  11:56  Hydralisk  
  81  11:57  Hydralisk  
  85  12:16  Infestor  
  85  12:19  Hydralisk  
  85  12:21  Overlord x3  
  85  12:22  Drone, Overlord  
  90  12:30  Overlord  
  90  12:43  Hydralisk  
  90  12:44  Hydralisk x3  
  90  12:45  Zergling x2  
  99  12:52  Baneling Nest  
  99  12:55  Hydralisk  
  100  13:00  Roach  
  100  13:01  Roach  
  104  13:13  Hydralisk x3  
  61  13:37  Viper x4  
  61  13:40  Hydralisk x2  
  61  13:41  Drone x2  
  79  13:42  Drone  
  80  13:56  Extractor  
  80  14:02  Ultralisk Cavern  
  78  14:04  Drone x3  
  78  14:05  Drone x2  
  78  14:07  Drone  
  78  14:08  Drone  
  85  14:15  Zerg Ground Armor Level 1  
  85  14:17  Drone  
  86  14:18  Drone  
  87  14:33  Drone x4  
  87  14:34  Drone  
  92  14:45  Hatchery  
  91  14:49  Drone  
  91  14:50  Drone x3  
  91  14:52  Drone  
  96  14:57  Anabolic Synthesis  
  96  15:07  Ultralisk  
  102  15:16  Ultralisk  
  102  15:17  Drone  
  102  15:19  Drone  
  110  15:27  Lurker Den  
  109  15:32  Evolution Chamber  
  109  15:34  Ultralisk  
  114  15:43  Zergling x2  
  114  15:44  Zergling x8  
  119  15:51  Ultralisk  
  119  15:53  Drone x3  
  119  15:55  Drone  
  119  15:56  Drone  
  118  16:30  Ultralisk x2  
  111  16:47  Ultralisk  
  111  16:51  Hydralisk  
  111  17:02  Overlord x5  
  111  17:03  Drone x5, Swarm Host  
  111  17:04  Drone  
  108  17:17  Spire  
  108  17:20  Hydralisk  
  108  17:21  Extractor x2  
  91  17:29  Lurker  
Show
View Real Time Build Order
Export as new Build Order

Massa Terran 

Build Orders:  

Get SALT Encoding   

  12  0:00  SCV  
  13  0:12  SCV  
  14  0:22  Supply Depot  
  14  0:24  SCV  
  15  0:43  SCV  
  15  0:45  Barracks  
  16  0:50  Refinery  
  16  0:56  SCV  
  17  1:08  SCV  
  18  1:20  SCV  
  19  1:32  SCV  
  20  1:36  Reaper  
  21  2:02  Orbital Command  
  21  2:08  Reaper  
  21  2:40  Reaper  
  21  2:42  SCV  
  20  2:59  Barracks  
  20  3:22  Marine  
  21  3:29  Command Center  
  21  3:34  Supply Depot x2  
  21  3:36  Engineering Bay  
  21  3:59  Supply Depot  
  21  4:20  Marine x2  
  22  4:38  SCV  
  22  4:41  Orbital Command  
  22  4:43  Factory  
  22  4:48  Barracks Tech Lab  
  22  4:50  SCV  
  23  4:54  Barracks Reactor  
  23  4:57  Refinery, Terran Infantry Weapons Level 1  
  23  5:02  SCV  
  23  5:03  Refinery  
  24  5:07  Marauder  
  24  5:09  SCV  
  27  5:14  SCV  
  27  5:21  SCV  
  29  5:27  SCV  
  30  5:28  Factory Tech Lab  
  30  5:29  Refinery  
  30  5:35  Factory  
  30  5:39  SCV, Marine x2  
  30  5:40  Marine  
  34  5:43  SCV  
  35  5:51  SCV  
  35  5:55  Cyclone  
  35  5:56  SCV, Marine  
  35  5:57  Marine  
  41  5:58  Marine  
  41  6:01  Stimpack  
  41  6:03  SCV  
  44  6:08  SCV  
  45  6:15  Starport, SCV  
  46  6:19  Missile Turret  
  46  6:20  SCV  
  46  6:22  Factory Tech Lab  
  47  6:28  Cyclone, SCV  
  47  6:32  SCV  
  52  6:40  SCV  
  52  6:44  SCV  
  52  6:45  Cyclone  
  57  6:49  Mag-Field Accelerator  
  57  6:51  Terran Infantry Armor Level 1  
  57  6:52  SCV  
  58  6:55  Missile Turret  
  58  6:56  SCV  
  58  7:00  Cyclone  
  62  7:14  Supply Depot  
  62  7:15  Supply Depot  
  62  7:24  SCV x2  
  62  7:26  Cyclone  
  67  7:32  Cyclone  
  70  7:39  Marine  
  70  7:40  Marauder, Marine  
  74  7:54  Command Center  
  74  7:58  Cyclone  
  74  8:01  Marauder  
  74  8:04  Cyclone  
  79  8:48  SCV  
  79  8:49  SCV  
  81  9:01  SCV x2, Marauder, Marine x2  
  75  9:03  Combat Shield  
  75  9:05  Siege Tank  
  75  9:12  Armory  
  75  9:15  Engineering Bay  
  75  9:18  Barracks  
  75  9:19  Marine x2  
  75  9:20  Barracks  
  75  9:22  Barracks, Starport Reactor  
  75  9:23  Barracks, Marauder  
  79  9:25  Barracks  
  79  9:32  SCV x2  
  79  9:33  Planetary Fortress  
  79  9:37  Marine  
  82  9:42  Missile Turret  
  82  9:44  SCV x2, Marauder  
  86  9:45  Sensor Tower  
  78  9:56  SCV  
  78  9:57  Marine  
  78  9:58  Marine  
  62  10:05  Marauder  
  64  10:09  SCV x2  
  64  10:10  Missile Turret  
  64  10:12  Marine  
  64  10:14  Barracks Tech Lab  
  67  10:15  Barracks Tech Lab, Marine  
  67  10:16  Marine  
  67  10:18  Barracks Reactor, Barracks Tech Lab  
  67  10:20  Medivac  
  67  10:21  SCV x2  
  73  10:24  SCV  
  73  10:27  Marauder  
  76  10:33  SCV x2, Marine x2  
  76  10:34  Missile Turret  
  80  10:38  Missile Turret  
  80  10:41  SCV  
  84  10:45  SCV x2, Thor  
  84  10:47  Marine x3  
  84  10:48  Marine x2  
  94  10:51  Marine x2  
  96  11:00  Marine x2  
  96  11:03  Medivac  
  100  11:05  Marine  
  100  11:08  Marine x3  
  100  11:09  Supply Depot  
  100  11:10  Supply Depot  
  101  11:30  Marine x3  
  101  11:31  Medivac  
  106  11:42  Marine  
  106  11:43  Marauder x2, Marine  
  112  11:47  Refinery  
  112  11:48  Refinery  
  110  11:59  Command Center  
  108  12:01  Marine  
  108  12:02  Marauder x2, Marine x4  
  117  12:09  Marine  
  117  12:30  Supply Depot  
  117  12:32  Supply Depot  
  117  12:36  Marine x2  
  115  12:37  Thor  
  115  12:39  Thor  
  95  12:54  Supply Depot  
  95  12:57  Marauder x4, Marine x3, Supply Depot  
  94  13:08  SCV x3  
  93  13:13  Planetary Fortress  
  93  13:17  Supply Depot  
  93  13:18  Marauder x2, Marine  
  93  13:19  Marine x2  
  100  13:20  SCV, Thor  
  107  13:38  Terran Infantry Armor Level 2, Terran Infantry Weapons Level 2  
  107  13:40  Missile Turret  
  107  13:41  Missile Turret, Supply Depot  
  107  13:44  Marauder x2, Marine x5  
  116  13:51  Missile Turret  
  116  13:54  Missile Turret, Thor  
  122  13:59  Missile Turret  
  122  14:05  Missile Turret  
  122  14:11  SCV x4, Sensor Tower  
  126  14:21  Command Center  
  126  14:22  Thor x4  
  126  14:23  SCV x3  
  126  14:24  SCV  
  130  14:26  Missile Turret, Thor  
  130  14:29  Terran Vehicle And Ship Armor Level 1  
  136  14:31  Medivac  
  136  14:32  Medivac  
  140  14:41  Thor  
  146  14:49  Factory  
  146  14:55  Smart Servos  
  146  14:57  Drilling Claws  
  146  14:59  Concussive Shells  
  146  15:07  SCV x2  
  146  15:10  SCV x2  
  146  15:13  Medivac x2  
  154  15:17  Refinery x2  
  154  15:19  SCV  
  155  15:25  Supply Depot  
  155  15:31  Supply Depot  
  155  15:33  Supply Depot  
  155  15:47  Supply Depot  
  155  15:55  Supply Depot  
  155  16:10  Supply Depot  
  133  16:13  Marauder x4  
  133  16:14  Marine x5  
  133  16:17  Thor x2  
  115  16:21  Factory Tech Lab  
  115  16:25  SCV x3  
  99  16:26  SCV  
  99  16:31  Marine  
  99  16:32  Marine x4  
  106  16:33  Supply Depot  
  106  16:34  Marauder, Marine  
  106  16:35  Marauder x2  
  113  16:49  Marine x2  
  113  16:50  Marine x3  
  113  16:52  Marine  
  116  16:55  Marine x2  
  116  16:56  Marine  
  116  16:57  Supply Depot  
  116  16:59  Thor x2  
  116  17:00  Thor  
  131  17:07  Marine x3  
  131  17:08  Marine x2  
  129  17:09  Viking x2  
  129  17:10  Marine  
  129  17:13  Marine x3  
  127  17:25  Marine x5  
Show
View Real Time Build Order
Export as new Build Order

Tarascan Protoss - Winner!

Build Orders: Carriers 

Get SALT Encoding   

  12  0:00  Probe  
  13  0:12  Probe  
  14  0:17  Pylon  
  14  0:24  Probe  
  15  0:35  Gateway  
  15  0:38  Probe  
  16  0:52  Forge  
  16  0:54  Probe  
  17  1:02  Assimilator  
  17  1:06  Probe  
  18  1:17  Pylon  
  18  1:28  Probe  
  19  1:36  Photon Cannon  
  19  1:40  Probe  
  20  1:53  Pylon  
  18  2:05  Probe  
  19  2:17  Nexus  
  19  2:20  Pylon  
  19  2:28  Probe (Chrono Boost)  
  20  2:34  Assimilator  
  20  2:40  Probe (Chrono Boost)  
  20  2:43  Pylon  
  21  2:45  Probe (Chrono Boost)  
  21  2:50  Photon Cannon  
  22  2:55  Probe, Pylon  
  23  3:07  Probe  
  23  3:08  Cybernetics Core  
  23  3:11  Gateway  
  24  3:15  Photon Cannon  
  24  3:18  Pylon  
  24  3:29  Probe x2  
  26  3:40  Photon Cannon  
  26  3:41  Probe x2  
  28  3:47  Stalker (Chrono Boost)  
  27  4:08  Probe  
  25  4:36  Pylon  
  25  4:38  Probe x2  
  27  4:43  Pylon  
  27  4:45  Photon Cannon  
  27  4:50  Probe x2  
  29  4:54  Adept x2 (Chrono Boost)  
  33  5:02  Probe x2  
  35  5:14  Probe  
  35  5:15  Photon Cannon  
  35  5:17  Probe, Photon Cannon  
  38  5:29  Probe x2 (Chrono Boost), Stargate  
  39  5:40  Probe (Chrono Boost)  
  39  5:42  Probe (Chrono Boost)  
  41  5:45  Probe (Chrono Boost)  
  41  5:46  Stargate  
  42  5:50  Probe, Assimilator  
  42  5:56  Probe  
  44  6:02  Probe  
  45  6:05  Assimilator  
  45  6:08  Probe  
  46  6:14  Phoenix  
  46  6:15  Probe  
  49  6:20  Probe  
  50  6:26  Protoss Air Weapons Level 1  
  50  6:27  Probe  
  50  6:28  Gateway  
  50  6:30  Gateway  
  50  6:32  Probe, Pylon  
  52  6:39  Phoenix  
  54  6:49  Pylon  
  54  6:51  Pylon  
  54  6:52  Phoenix  
  56  7:03  Phoenix  
  56  7:05  Nexus  
  58  7:14  Probe x2  
  60  7:17  Phoenix  
  62  7:25  Pylon  
  62  7:26  Probe  
  63  7:32  Pylon  
  63  7:45  Phoenix x2  
  67  8:01  Photon Cannon  
  67  8:07  Probe x2, Shield Battery  
  67  8:10  Phoenix x2  
  67  8:12  Assimilator  
  73  8:15  Stargate  
  73  8:16  Assimilator  
  73  8:19  Probe  
  74  8:31  Probe x2  
  77  8:35  Phoenix x2  
  81  8:43  Probe  
  81  9:00  Phoenix x2  
  79  9:25  Probe x2, Phoenix x2  
  85  9:37  Probe  
  86  9:50  Phoenix x2  
  90  9:53  Nexus  
  90  9:55  Pylon  
  90  9:57  Pylon  
  90  9:59  Pylon  
  86  10:15  Phoenix x2  
  86  10:19  Fleet Beacon  
  90  10:22  Stargate  
  90  10:24  Phoenix  
  92  10:35  Photon Cannon  
  92  10:36  Photon Cannon  
  92  10:39  Pylon  
  92  10:40  Protoss Air Armor Level 1  
  92  10:42  Pylon  
  92  10:44  Pylon  
  92  10:46  Assimilator  
  92  10:52  Assimilator  
  88  11:17  Phoenix x3  
  94  11:42  Carrier, Phoenix  
  108  12:08  Carrier x2  
  108  12:09  Probe x2  
  108  12:12  Probe  
  111  12:21  Probe  
  111  12:22  Probe  
  113  12:23  Nexus  
  113  12:24  Probe  
  114  12:33  Probe  
  114  12:34  Probe  
  114  12:36  Probe  
  117  12:46  Probe x2  
  117  12:48  Probe  
  118  12:54  Phoenix x2  
  122  13:12  Phoenix x2  
  126  13:19  Phoenix x2  
  128  13:35  Probe x3  
  128  13:37  Carrier  
  137  13:45  Probe  
  137  13:47  Probe x3  
  141  13:52  Carrier  
  150  13:59  Nexus  
  150  14:02  Carrier  
  153  14:07  Probe x2  
  153  14:08  Probe x2  
  157  14:19  Probe  
  157  14:20  Probe x2, Stargate  
  157  14:23  Carrier  
  166  14:26  Probe  
  167  14:31  Probe  
  167  14:32  Probe  
  167  14:37  Assimilator  
  169  14:41  Assimilator  
  169  14:46  Pylon  
  169  14:49  Pylon  
  169  15:00  Nexus  
  169  15:03  Assimilator  
  169  15:04  Carrier  
  169  15:07  Carrier x2, Assimilator, Cybernetics Core  
  175  15:08  Protoss Air Weapons Level 2 (Chrono Boost)  
  175  15:12  Probe x5  
  192  15:24  Probe x5  
  191  16:37  Carrier  
Show
View Real Time Build Order
Export as new Build Order

nhutton Zerg - Winner!

Build Orders: Pool First 

Get SALT Encoding   

  12  0:18  Spawning Pool  
  11  0:24  Drone  
  11  0:26  Drone  
  13  0:31  Drone  
  14  0:40  Overlord  
  14  1:07  Zergling x4  
  16  1:12  Zergling x2  
  17  1:19  Zergling x2  
  17  1:21  Hatchery  
  17  1:31  Queen  
  19  1:39  Overlord  
  19  1:46  Drone  
  20  1:52  Drone  
  21  1:57  Extractor  
  19  2:20  Drone x2  
  21  2:30  Drone  
  21  2:35  Drone  
  23  2:42  Queen  
  23  2:44  Zergling x2  
  23  2:48  Drone x2  
  26  2:56  Drone  
  27  3:03  Drone  
  27  3:05  Zergling x2  
  27  3:08  Hatchery  
  27  3:13  Baneling Nest  
  27  3:19  Spine Crawler  
  25  3:26  Drone  
  25  3:27  Drone  
  27  3:30  Drone  
  28  3:37  Metabolic Boost  
  28  3:46  Zergling x4  
  30  3:52  Zergling x4  
  32  4:01  Zergling x6  
  32  4:02  Zergling x2  
  36  4:15  Overlord  
  35  4:33  Queen  
  35  4:38  Baneling x4  
  37  4:45  Drone x5  
  42  4:59  Baneling x3  
  41  5:09  Overlord x2  
  41  5:27  Drone x7, Overlord  
  48  5:28  Drone  
  51  5:35  Drone x2  
  51  5:39  Hatchery, Drone  
  51  5:40  Evolution Chamber  
  50  5:44  Extractor  
  50  5:47  Lair  
  49  5:50  Drone  
  49  5:53  Drone x2  
  52  6:07  Drone x8  
  60  6:14  Extractor  
  60  6:15  Spore Crawler  
  58  6:25  Zergling x6  
  57  6:33  Extractor  
  56  6:53  Zergling x8  
  60  6:55  Overlord x5  
  60  7:07  Hatchery  
  59  7:14  Centrifical Hooks  
  56  7:16  Hatchery  
  56  7:21  Baneling x2  
  56  7:22  Baneling x3  
  55  7:24  Hatchery  
  55  7:29  Zergling x2  
  57  7:30  Zergling x4  
  54  7:52  Zergling x20  
  64  8:04  Zergling x8  
  66  8:07  Zerg Ground Armor Level 1  
  66  8:11  Spire  
  62  8:16  Drone x2  
  62  8:19  Baneling x7  
  64  8:25  Zergling x2  
  65  8:31  Zergling x6  
  68  8:44  Zergling x12  
  74  8:54  Zergling x8  
  76  9:00  Zergling x6  
  66  9:10  Queen  
  66  9:13  Drone x7  
  66  9:16  Queen  
  75  9:21  Baneling  
  75  9:22  Baneling x10  
  74  9:30  Drone x5  
  74  9:31  Drone  
  80  9:36  Zergling x6  
  76  9:55  Zergling x10  
  76  9:56  Zergling x16  
  84  10:02  Zergling x2  
  84  10:03  Zergling x6  
  88  10:07  Zerg Flyer Armor Level 1  
  88  10:08  Infestation Pit  
  88  10:12  Zergling x6  
  89  10:18  Zerg Ground Armor Level 2  
  89  10:24  Drone x4  
  93  10:29  Baneling  
  93  10:30  Baneling x8  
  92  10:39  Mutalisk x4  
  99  10:55  Zergling x10  
  99  10:56  Zergling x20  
  104  10:59  Baneling x5  
  104  11:00  Baneling  
  104  11:03  Zergling x2  
  104  11:04  Zergling x6  
  107  11:09  Hive  
  107  11:10  Drone  
  107  11:11  Drone  
  110  11:12  Drone  
  110  11:14  Drone x2  
  113  11:22  Drone x3  
  113  11:23  Drone x5  
  113  11:24  Drone  
  113  11:25  Drone  
  104  11:51  Drone x13  
  117  11:55  Baneling x21  
  113  12:12  Hatchery  
  108  12:23  Extractor  
  108  12:24  Extractor  
  108  12:28  Zergling x22  
  117  12:34  Zerg Melee Weapons Level 1  
  110  12:37  Extractor  
  110  12:42  Zergling x2  
  110  12:43  Zergling x40  
  116  12:48  Zergling x2  
  111  12:53  Zergling x4  
  110  13:02  Ultralisk Cavern  
  110  13:04  Spawning Pool  
  106  13:06  Baneling x19  
  106  13:09  Overlord  
  106  13:10  Overlord x6  
  86  13:31  Overlord x5  
  76  13:43  Overseer  
  76  13:54  Viper  
  76  13:55  Spawning Pool  
  78  13:58  Zergling x10  
  78  13:59  Zergling x12  
  78  14:02  Chitinous Plating  
  89  14:16  Extractor  
  88  14:17  Extractor, Hatchery  
  88  14:18  Extractor  
  85  14:33  Zergling x18  
  94  14:42  Zergling x2  
  94  14:43  Zergling x32  
  111  14:46  Queen  
  113  14:53  Drone x4  
  113  14:54  Drone  
  113  14:55  Drone  
  113  14:56  Drone  
  120  15:00  Drone x3  
  120  15:03  Baneling x3  
  120  15:04  Baneling  
  123  15:11  Overseer x4  
  123  15:13  Pneumatized Carapace  
  123  15:15  Drone  
  123  15:16  Drone  
  123  15:17  Drone  
  123  15:20  Anabolic Synthesis  
  126  15:28  Drone x7  
  133  15:32  Queen  
  126  15:46  Ultralisk  
  126  15:47  Ultralisk  
  136  15:55  Adrenal Glands  
  131  16:04  Baneling x2  
  120  16:22  Ultralisk x2  
  120  16:23  Ultralisk  
  136  16:25  Baneling  
  136  16:26  Baneling x2  
  135  16:52  Ultralisk x2  
  139  17:10  Mutalisk x4  
  139  17:12  Overlord x2  
  139  17:13  Zergling x2, Overlord  
  139  17:14  Zergling x50  
  139  17:15  Zergling x8  
Tags
 
Add a new tag
Caveats
  • Supply blocks, unpowered buildings, or Contaminate may cause inaccurate times.
  • Supply counts are checked every 10 seconds.